 Dungeon Crawl Stone Soup version 0.26.1-11-gd32895ea62 (webtiles) character file.

Game seed: 16632019722692480627

3987 Znoz the Cruncher (level 10, -13/93 HPs)
             Began as a Deep Dwarf Berserker on Mar 19, 2021.
             Was an Elder of Trog.
             Mangled by a two-headed ogre
             ... wielding a +2 dire flail of protection
              (31 damage)
             ... on level 8 of the Dungeon on May 23, 2021.
             The game lasted 00:46:06 (4986 turns).

Znoz the Cruncher (Deep Dwarf Berserker)            Turns: 4986, Time: 00:46:07

Health: -13/93     AC: 10    Str: 22    XL:     10   Next: 3%
Magic:  7/7        EV: 19    Int:  8    God:    Trog [****..]
Gold:   234        SH:  0    Dex: 16    Spells: 9/9 levels left

rFire    + . .     SeeInvis .   i - +5 quarterstaff (chaos)
rCold    . . .     Faith    .   (shield currently unavailable)
rNeg     . . .     Spirit   .   x - +3 ring mail {rC+}
rPois    .         Reflect  .   (no helmet)
rElec    .         Harm     +   w - scarf {harm}
rCorr    .         Rampage  .   (no gloves)
Will     +....     Rnd*Tele +   (no boots)
Stlth    ++........             (no amulet)
HPRegen  0.00/turn              g - +4 ring of evasion
MPRegen  0.10/turn              t - ring of fire

@: non-regenerating
A: damage resistance, heal wounds, rugged brown scales 1, thin skeletal
structure 1, sense surroundings 2, teleportitis 1, sturdy frame 1, no
regeneration
a: Heal Wounds, Renounce Religion, Berserk, Trog's Hand, Brothers in Arms


You were on level 8 of the Dungeon.
You worshipped Trog.
Trog was greatly pleased with you.
You visited 1 branch of the dungeon, and saw 8 of its levels.

You collected 584 gold pieces.
You spent 350 gold pieces at shops.

Inventory:

Hand Weapons
 a - a +0 hand axe
 i - a +5 quarterstaff of chaos (weapon)
 v - a +5 dire flail
Missiles
 c - 28 bolts
Armour
 w - a scarf of harm (worn)
 x - a +3 ring mail of cold resistance (worn)
Jewellery
 b - an uncursed amulet of magic regeneration
 g - a +4 ring of evasion (left hand)
 q - a +6 ring of intelligence
 t - a ring of fire (right hand)
Wands
 h - a wand of iceblast (8)
 o - a wand of paralysis (9)
 s - a wand of random effects (16)
Scrolls
 d - a scroll of fear
 e - a scroll of immolation
 f - a scroll of remove curse
 m - a scroll of fog
 n - 8 scrolls of identify
 p - 3 scrolls of blinking


   Skills:
 + Level 5.8 Fighting
 + Level 4.7 Axes
 * Level 10.1 Staves
 + Level 5.8 Armour
 + Level 5.0 Dodging
 - Level 0.3 Stealth
 + Level 1.6 Evocations


You had 9 spell levels left.
You didn't know any spells.
Your spell library was empty.

Dungeon Overview and Level Annotations

Branches:
Dungeon (8/15)             Temple (0/1) D:6
   Lair: D:8-11

Altars:
Cheibriados
Elyvilon
Hepliaklqana
Makhleb
Okawaru
Sif Muna
Uskayaw
Vehumet
Wu Jian
Xom
Yredelemnul
Zin
The Shining One

Shops:
D:6 [   D:7 }!=   D:8 *


Innate Abilities, Weirdness & Mutations

You are resistant to damage.
You can heal yourself by infusing magical energy.
You passively map the area around you.
You do not regenerate.
You are partially covered in rugged brown scales. (AC +1, +3% HP)
You have a somewhat thin skeletal structure. (Dex +2, Stealth)
You are occasionally teleported next to monsters.
Your movements are slightly less encumbered by armour. (ER -2)


Message History

You hit the two-headed ogre.
The two-headed ogre is lightly wounded.
The two-headed ogre hits you with a +2 dire flail of protection!
The two-headed ogre hits you with a +0 giant club.
You hit the two-headed ogre.
Lightning courses through the two-headed ogre!
The two-headed ogre is heavily wounded.
The two-headed ogre hits you with a +2 dire flail of protection!
* * * LOW HITPOINT WARNING * * *
The two-headed ogre misses you.
Unknown command.
Unknown command.
Aiming: Paralyse
Press: ? - help, Shift-Dir - straight line, f - two-headed ogre
Aim: a two-headed ogre, wielding a +2 dire flail of protection and a +0 giant club (heavily wounded, strong, chance to affect: 32%)
The two-headed ogre easily resists.
You hit the two-headed ogre but do no damage.
The two-headed ogre is heavily wounded.
The two-headed ogre hits you with a +2 dire flail of protection!!
You die...

.........#** ###.......
,# * ###.#####.# * *
#.#.....###### ,
#####....#####... *
............./..,
#####.......<#.########.
#....#####..........
######..........@O....=.
*
≈≈≈≈≈###...#############
≈≈≈≈≈≈##...#
≈...≈≈##...# *
≈._...'..###########
≈...≈≈##...........#
≈≈≈≈≈≈##...........# *
≈≈≈≈≈###...(.......#* *
######)...............


You could see a two-headed ogre (strong).

Vanquished Creatures
  A two-headed ogre (D:8)
  An unseen horror (D:8)
  Joseph (D:7)
  Sigmund (D:3)
  A hog (shapeshifter) (D:5)
  Menkaure (D:5)
  A water moccasin (D:8)
  An ice beast (D:5)
  A black bear (D:7)
  2 ogres
  A centaur (D:7)
  A big kobold (D:8)
  Blork the orc (D:5)
  3 bullfrogs
  2 scorpions
  3 wights (D:6)
  3 howler monkeys
  A centaur zombie (D:8)
  3 orc priests
  2 hounds (D:8)
  Crazy Yiuf (D:2)
  3 jellies
  Jessica (D:2)
  2 iguanas
  7 worker ants
  4 orc wizards
  A worker ant zombie (D:7)
  Robin (D:2)
  3 gnolls (D:8)
  6 adders
  3 white imps
  4 ufetubi (D:8)
  An ooze (D:5)
  6 worms
  6 leopard geckos
  21 orcs
  2 bats
  5 giant cockroaches
  10 goblins
  10 hobgoblins
  7 jackals
  16 kobolds
  8 quokkas
  2 frilled lizards
  A quokka skeleton (D:4)
  6 rats
168 creatures vanquished.

Vanquished Creatures (collateral kills)
  A leopard gecko skeleton (D:7)
1 creature vanquished.

Vanquished Creatures (others)
  A fungus (D:2)
  2 withered plants (D:8)
3 creatures vanquished.

Grand Total: 172 creatures vanquished

Notes
Turn   | Place    | Note
-------+----------+-------------------------------------------
     0 | D:1      | Znoz the Deep Dwarf Berserker began the quest for the Orb.
     0 | D:1      | Reached XP level 1. HP: 20/20 MP: 1/1
   281 | D:1      | Reached XP level 2. HP: 25/27 MP: 2/2
   362 | D:1      | Upgraded the game from 0.26.1-2-gb8aa6d0cf2 to
                  | 0.26.1-11-gd32895ea62
   738 | D:2      | Reached XP level 3. HP: 31/34 MP: 3/3
   781 | D:2      | Reached ** piety under Trog
   918 | D:2      | Found a runed translucent door.
   919 | D:2      | Noticed Crazy Yiuf
   925 | D:2      | Killed Crazy Yiuf
   926 | D:2      | Reached XP level 4. HP: 28/42 MP: 4/4
  1070 | D:2      | Noticed Jessica
  1083 | D:2      | Killed Jessica
  1087 | D:2      | Noticed Robin
  1126 | D:2      | Killed Robin
  1278 | D:3      | Found a shimmering altar of Xom.
  1280 | D:3      | Found a hazy altar of Hepliaklqana.
  1281 | D:3      | Found a glowing golden altar of the Shining One.
  1281 | D:3      | Found an iron altar of Okawaru.
  1283 | D:3      | Found an ornate altar of the Wu Jian Council.
  1283 | D:3      | Found a burning altar of Makhleb.
  1285 | D:3      | Found a radiant altar of Vehumet.
  1352 | D:3      | Noticed Sigmund
  1361 | D:3      | Killed Sigmund
  1362 | D:3      | Reached skill level 2 in Staves
  1362 | D:3      | Reached XP level 5. HP: 41/49 MP: 5/5
  1362 | D:3      | Reached XP level 6. HP: 47/56 MP: 6/6
  1536 | D:3      | Reached skill level 3 in Staves
  2148 | D:4      | Reached *** piety under Trog
  2306 | D:4      | Gained mutation: You evolve. [potion of mutation]
  2306 | D:4      | Gained mutation: Your mind is acute. (Int +2) [potion of
                  | mutation]
  2306 | D:4      | Gained mutation: You have a beak for a mouth. [potion of
                  | mutation]
  2466 | D:5      | Entered Level 5 of the Dungeon
  2554 | D:5      | Reached skill level 4 in Staves
  2554 | D:5      | Reached XP level 7. HP: 49/63 MP: 7/7
  2695 | D:5      | Noticed Prince Ribbit
  2696 | D:5      | Noticed Prince Ribbit
  2696 | D:5      | Prince Ribbit changed into Prince Ribbit the shapeshifter
  2696 | D:5      | Noticed Prince Ribbit
  2696 | D:5      | Prince Ribbit the shapeshifter changed into Prince Ribbit
                  | the eye of draining
  2698 | D:5      | Noticed Prince Ribbit
  2698 | D:5      | Prince Ribbit the eye of draining changed into Prince
                  | Ribbit the hog
  2705 | D:5      | Killed Prince Ribbit the hog
  2706 | D:5      | Reached skill level 5 in Staves
  2736 | D:5      | Noticed Menkaure
  2743 | D:5      | Killed Menkaure
  2866 | D:5      | Noticed Blork the orc
  2871 | D:5      | Reached XP level 8. HP: 66/72 MP: 7/7
  2883 | D:5      | Killed Blork the orc
  2886 | D:5      | Reached skill level 6 in Staves
  3008 | D:6      | Found a staircase to the Ecumenical Temple.
  3041 | D:6      | Reached skill level 5 in Armour
  3251 | D:6      | Reached **** piety under Trog
  3252 | D:6      | Reached skill level 7 in Staves
  3349 | D:6      | Found Ven Mex's Armour Emporium.
  3378 | D:6      | Found a shimmering altar of Xom.
  3416 | D:6      | Bought a scarf of harm for 90 gold pieces
  3416 | D:6      | Bought a +3 ring mail of cold resistance for 260 gold
                  | pieces
  3784 | D:7      | Reached skill level 8 in Staves
  3834 | D:7      | Gained mutation: You passively map the area around you.
                  | [Deep Dwarf growth]
  3834 | D:7      | Reached XP level 9. HP: 56/79 MP: 8/8
  3867 | D:7      | Found Weizem's Jewellery Boutique.
  3946 | D:7      | Found Agagapug's Distillery.
  3975 | D:7      | Lost mutation: You evolve. [potion of mutation]
  3975 | D:7      | Lost mutation: You have a beak for a mouth. [potion of
                  | mutation]
  3975 | D:7      | Lost mutation: Your mind is acute. (Int +2) [potion of
                  | mutation]
  3975 | D:7      | Gained mutation: You are occasionally teleported next to
                  | monsters. [potion of mutation]
  3975 | D:7      | Gained mutation: Your movements are slightly less
                  | encumbered by armour. (ER -2) [potion of mutation]
  3975 | D:7      | Gained mutation: You are partially covered in rugged brown
                  | scales. (AC +1, +3% HP) [potion of mutation]
  3975 | D:7      | Gained mutation: You have a somewhat thin skeletal
                  | structure. (Dex +2, Stealth) [potion of mutation]
  4042 | D:7      | Found Karus's Gadget Shoppe.
  4232 | D:7      | Found a glowing silver altar of Zin.
  4280 | D:7      | Found a hide-covered altar of Uskayaw.
  4283 | D:7      | Noticed Joseph
  4286 | D:7      | Found a white marble altar of Elyvilon.
  4297 | D:7      | Killed Joseph
  4298 | D:7      | Reached skill level 1 in Evocations
  4332 | D:7      | Found a snail-covered altar of Cheibriados.
  4370 | D:8      | Found a basalt altar of Yredelemnul.
  4421 | D:8      | Reached skill level 5 in Fighting
  4466 | D:8      | Reached skill level 9 in Staves
  4747 | D:8      | Found Xozitz's Assorted Antiques.
  4805 | D:8      | Noticed a two-headed ogre
  4807 | D:8      | Killed an unseen horror
  4817 | D:8      | HP: 4/83 [kobold/+0 dagger of venom (1)]
  4821 | D:8      | Killed a two-headed ogre
  4822 | D:8      | Reached skill level 10 in Staves
  4822 | D:8      | Reached skill level 5 in Dodging
  4822 | D:8      | Reached XP level 10. HP: 28/93 MP: 7/7
  4956 | D:8      | Found a shimmering blue altar of Sif Muna.
  4976 | D:8      | Noticed a two-headed ogre
  4986 | D:8      | Mangled by a two-headed ogre

Illustrated notes

Levels and vault maps discovered:
D:1:      minmay_arrival_four_circles, layout_loops_ring
D:2:      layout_rooms, uniq_jessica, uniq_crazy_yiuf_cottage, uniq_robin
D:3:      layout_basic, grunt_temple_overflow_open, uniq_sigmund
D:4:      layout_basic
D:5:      minmay_razor_zed, layout_basic, uniq_blork_the_orc, uniq_edmund,
          uniq_prince_ribbit1, uniq_menkaure
D:6:      layout_gridville, minmay_temple_entry_offerings, serial_shops, shop,
          grunt_ministairs_7, xom_teletrap_fun
D:7:      minmay_klotski, layout_cave_pools, minmay_overflow_temple_star_quad,
          basic_altar, serial_shops, shop, shop_coins, shop_statue, uniq_joseph
D:8:      layout_basic, yredelemnul_altar_generic, serial_shops,
          kennysheep_mini_moat, led_sif_pool

Skill      XL: |  1  2  3  4  5  6  7  8  9 |
---------------+----------------------------+-----
Fighting       | 3 4 5 |  5.8
Axes           | 4 |  4.7
Armour         | 3 4 5 |  5.8
Staves         | 2 4 5 8 10 | 10.1
Dodging        | 3 5 |  5.0
Evocations     | 1 |  1.6
Stealth        | |  0.3

Action                   |  1- 3 |  4- 6 |  7- 9 | 10-12 || total
-------------------------+-------+-------+-------+-------++-------
Melee: Hand axe          |   117 |       |       |       ||   117
       Quarterstaff      |       |   115 |   214 |    15 ||   344
       Peck              |       |     9 |    27 |       ||    36
Invok: Berserk           |     1 |     2 |     3 |       ||     6
       Trog's Hand       |       |       |     1 |       ||     1
 Abil: Heal Wounds       |     2 |     3 |    10 |     3 ||    18
Evoke: Wand              |       |     2 |     8 |     1 ||    11
  Use: Potion            |     3 |     2 |     7 |       ||    12
       Scroll            |     6 |     8 |     4 |       ||    18
 Stab: Distracted        |       |     1 |       |       ||     1
       Petrified         |       |       |     1 |       ||     1
       Paralysed         |       |       |     2 |       ||     2
Armor: Scale mail        |    32 |    59 |    22 |       ||   113
       Ring mail         |       |       |    50 |       ||    50
Dodge: Dodged            |    50 |    97 |   243 |    10 ||   400
